 Dungeon Crawl Stone Soup version 0.32-a0-41-gec2d92a32c (webtiles) character file.

Game seed: 1370155720260393872

194 cforsyth the Magician (level 6, 0/43 HPs)
             Began as a Djinni Enchanter on Jan 25, 2024.
             Slain by a rat (3 damage)
             ... in a sewer.
             The game lasted 00:04:24 (2776 turns).

cforsyth the Magician (Djinni Enchanter)            Turns: 2776, Time: 00:04:25

Health: 0/43       AC:  3    Str:  7    XL:     6   Next: 3%
Gold:   212        EV: 13    Int: 19    God:
                   SH:  0    Dex: 13

rFire   + + .        n - +3 spear
rCold   x . .        (no shield)
rNeg    . . .        b - +0 robe
rPois   ∞            (no helmet)
rElec   .            (no cloak)
rCorr   .            d - +0 pair of gloves
SInv    .            (boots unavailable)
Will    .....        (no amulet)
Stlth   ++           (no ring)
HPRegen 0.27/turn    (no ring)
MPRegen 0.00/turn

%: infuse magic (-1 HP)
@: flying
A: sickness immunity, fire resistance 2, cold vulnerability 1, float, innate
caster, HP casting, extra vitality 1
a: no special abilities


You were in a sewer.
You visited 1 branch of the dungeon, and saw 4 of its levels.
You also visited: Sewer.

You collected 212 gold pieces.

Inventory:

Hand Weapons
 a - a +1 dagger
 n - a +3 spear (weapon)
Armour
 b - a +0 robe (worn)
 d - a +0 pair of gloves (worn)
Jewellery
 l - an amulet of faith
Scrolls
 f - a scroll of teleportation {unknown}
 g - a scroll of vulnerability {unknown}
 i - a scroll of fog {unknown}
 j - a scroll of enchant armour {unknown}
Potions
 c - 2 potions of invisibility
 e - a potion of haste {unknown}
 h - 2 potions of brilliance
 k - a potion of enlightenment {unknown}
 m - a potion of lignification


   Skills:
 + Level 1.7 Fighting
 - Level 2.1 Short Blades
 - Level 3.3 Dodging
 - Level 3.2 Stealth
 + Level 3.7 Spellcasting
 + Level 3.7 Conjurations
 + Level 3.7 Hexes
 + Level 3.7 Summonings
 + Level 3.7 Necromancy
 + Level 3.7 Translocations
 + Level 3.7 Fire Magic
 + Level 3.7 Ice Magic
 + Level 3.7 Air Magic
 + Level 3.7 Earth Magic
 + Level 3.7 Alchemy


You knew the following spells:

 Your Spells              Type           Power      Damage    Failure   Level
a - Ensorcelled Hibernat  Hex/Ice        34%        N/A       4%          2
b - Confusing Touch       Hex            17%        N/A       10%         3
c - Tukima's Dance        Hex            17%        N/A       10%         3
d - Dazzling Flash        Conj/Hex       34%        N/A       10%         3
e - Foxfire               Conj/Fire      68%        2x1d7     3%          1
f - Jinxbite              Hex            34%        N/A       4%          2
Your spell library was empty.

Dungeon Overview and Level Annotations

Branches:
Dungeon (4/15)             Temple (0/1) D:4           Sewer (1/1)

Altars:


Innate Abilities, Weirdness & Mutations

You are immune to sickness and miasma.
You are immune to poison.
Your flesh is very heat resistant. (rF++)
You are vulnerable to cold. (rC-)
You float through the air rather than walking.
You learn spells naturally, not from books.
Your magical power is your life essence.
You have superior vitality. (+4 MHP)


Message History

Confirm with . or Enter, or press ? or * to list all spells.
Your hands begin to glow red.
The river rat bites you. The rat barely misses you.
You closely miss the river rat.
The river rat is severely wounded.
The river rat closely misses you. The rat bites you.
Your magical contamination has completely faded away.
You hit the river rat but do no damage.
The river rat appears confused.
The river rat is severely wounded.
The river rat bites you.
The river rat bites itself.
The river rat is killed!
The rat closely misses you.
You have reached level 6!
Casting: Confusing Touch (dangerous; 10% risk of failure)
Confirm with . or Enter, or press ? or * to list all spells.
Aiming: Ensorcelled Hibernation (safe; 4% risk of failure)
Press: ? - help, Shift-Dir - straight line, f - river rat
Aim: a river rat (chance to affect: 59%)
The river rat looks drowsy...
The rat barely misses you.
The helpless river rat fails to defend itself.
You hit the river rat but do no damage. The rat barely misses you.
The river rat misses you.
You hit the river rat.
The river rat is lightly wounded.
The river rat bites you! The rat barely misses you.
You hit the river rat but do no damage.
The river rat is lightly wounded.
The rat completely misses you. The river rat bites you.
* * * LOW HITPOINT WARNING * * *
You barely miss the river rat.
The river rat is lightly wounded.
The river rat bites you.
* * * LOW HITPOINT WARNING * * *
The rat barely misses you.
You hit the river rat but do no damage.
The river rat is lightly wounded.
The rat barely misses you. The river rat bites you.
* * * LOW HITPOINT WARNING * * *
The rat bites you.
You die...

#.#
#.#
#.#
#.#
#†#
#†#
#r#
#@#
#r#
#r#
#.#
#.#
#.#
#.#
#~#


You could see a river rat and 2 rats.

Vanquished Creatures
  An orc priest (D:3)
  A sleepcap (D:3)
  Terence (D:2)
  An adder (D:3)
  2 river rats
  4 dart slugs
  2 ribbon worms
  5 orcs (D:3)
  An endoplasm (D:1)
  4 giant cockroaches
  5 goblins
  2 hobgoblins
  4 quokkas
  10 ball pythons
  7 bats
  3 frilled lizards
  3 kobolds
  14 rats
70 creatures vanquished.

Vanquished Creatures (others)
  217 foxfires
217 creatures vanquished.

Grand Total: 287 creatures vanquished

Notes
Turn   | Place    | Note
-------+----------+-------------------------------------------
     0 | D:1      | cforsyth the Djinni Enchanter began the quest for the Orb.
     0 | D:1      | cforsyth set off with the following spells memorised:
                  | Ensorcelled Hibernation, Confusing Touch, Tukima's Dance,
                  | Dazzling Flash.
     0 | D:1      | Reached XP level 1. HP: 15/15 MP: 0/0
    73 | D:1      | Reached skill level 1 in Short Blades
    80 | D:1      | Reached XP level 2. HP: 18/21 MP: 0/0
   452 | D:1      | Reached XP level 3. HP: 25/25 MP: 0/0
   452 | D:1      | Learned a level 1 spell: Foxfire
   944 | D:2      | Noticed Terence
   953 | D:2      | Killed Terence
   954 | D:2      | Reached XP level 4. HP: 12/31 MP: 0/0
  1517 | D:3      | Found a faded altar of an unknown god.
  1624 | D:3      | Reached XP level 5. HP: 16/35 MP: 0/0
  1624 | D:3      | Learned a level 2 spell: Jinxbite
  2093 | D:3      | Reached skill level 1 in Fighting
  2756 | D:4      | Found a glowing drain.
  2760 | Sewer    | Entered a sewer
  2771 | Sewer    | Reached XP level 6. HP: 22/43 MP: 0/0
  2776 | Sewer    | Slain by a rat

Illustrated notes

Levels and vault maps discovered:
D:1:      minmay_arrival_up_and_down, layout_loops_ring
D:2:      layout_rooms, minmay_tiny_reverse_x, uniq_terence
D:3:      layout_loops_corners, ebering_ecumenical_altar_webs
D:4:      layout_loops_ring, minmay_temple_entry_wispy, serial_library,
          serial_library_regret_index_small_wings,
          serial_library_hellmonk_open_cross,
          serial_library_hellmonk_reading_circle,
          serial_library_hellmonk_junction, serial_library_hellmonk_open_square,
          serial_library_regret_index_branch_corner,
          serial_library_hellmonk_room_a, gup_sewer_entry_spiral, uniq_pikel,
          uniq_edmund, uniq_crazy_yiuf_cottage
Sewer:    sewer_kobolds

Skill      XL: |  1  2  3  4  5 |
---------------+----------------+-----
Short Blades   | 1 2 |  2.1
Spellcasting   | 3 |  3.7
Conjurations   | 3 |  3.7
Hexes          | 3 |  3.7
Summonings     | 3 |  3.7
Necromancy     | 3 |  3.7
Translocations | 3 |  3.7
Fire Magic     | 3 |  3.7
Ice Magic      | 3 |  3.7
Air Magic      | 3 |  3.7
Earth Magic    | 3 |  3.7
Alchemy        | 3 |  3.7
Dodging        | 3 |  3.3
Stealth        | 3 |  3.2
Fighting       | 1 |  1.7

Action                     |  1- 3 |  4- 6 || total
---------------------------+-------+-------++-------
  Melee: Dagger            |    49 |       ||    49
         Punch             |     1 |       ||     1
         Spear             |       |    23 ||    23
   Cast: Ensorcelled Hiber |     5 |     1 ||     6
         Foxfire           |    38 |    94 ||   132
         Confusing Touch   |       |     1 ||     1
    Use: Potion            |     1 |     1 ||     2
         Scroll            |       |     2 ||     2
   Stab: Sleeping          |     4 |     1 ||     5
 Armour: Robe              |    22 |    21 ||    43
         Skin              |     7 |       ||     7
  Dodge: Dodged            |    22 |    25 ||    47

Table legend: (Time is in decaauts)
 A = Elapsed time spent in this place.
 B = Non-inter-level travel time spent in this place.
 C = Inter-level travel time spent in this place.
 D = Time resting spent in this place.
 E = Time spent auto-exploring this place.
 F = Levels seen in this place.
 G = Mean time per level.
                   A        B        C        D        E       F      G
               +--------+--------+--------+--------+--------+-----+--------+
         Total |   2773 |   2661 |    112 |      0 |   2194 |   5 |  554.6 |
       Dungeon |   2756 |   2644 |    112 |      0 |   2194 |   4 |  689.0 |
         Sewer |     16 |     16 |      0 |      0 |      0 |   1 |   16.0 |
               +--------+--------+--------+--------+--------+-----+--------+

Top non-repeatable levels by time:
     D:3: 1224 daAuts
     D:1: 826 daAuts
     D:2: 614 daAuts
     D:4: 90 daAuts
   Sewer: 16 daAuts
